 Dungeon Crawl Stone Soup version 0.27.1-1-g398f81649c (webtiles) character file.

Game seed: 523476880323689418

429 Destapler the Grave Robber (level 6, -1/55 HPs)
             Began as a Deep Dwarf Necromancer on Sept 14, 2021.
             Was an Initiate of Ashenzari.
             Slain by Dowan (9 damage)
             ... on level 4 of the Dungeon.
             The game lasted 00:17:36 (4250 turns).

Destapler the Grave Robber (Deep Dwarf Necromancer) Turns: 4250, Time: 00:17:36

Health: -1/55      AC:  3    Str: 12    XL:     6   Next: 66%
Magic:  2/10       EV: 12    Int: 16    God:    Ashenzari [......]
Gold:   151        SH:  0    Dex: 14    Spells: 7/11 levels left

rFire    . . .     SeeInvis .   a - staff of death (curse) {Self, Bglg}
rCold    . . .     Faith    .   (no shield)
rNeg     + . .     Spirit   .   j - +0 leather armour {Will+}
rPois    +         Reflect  .   (no helmet)
rElec    .         Harm     .   (no cloak)
rCorr    .         Rampage  .   (no gloves)
Will     +....                  (no boots)
Stlth    ++........             (no amulet)
HPRegen  0.00/turn              o - ring of poison resistance
MPRegen  0.12/turn              (no ring)

@: very slightly contaminated, invisible
A: damage resistance, heal wounds, sense surroundings 1, no regeneration
a: Heal Wounds, Renounce Religion, Curse Item, Shatter the Chains


You were on level 4 of the Dungeon.
You worshipped Ashenzari.
Ashenzari was noncommittal.
You visited 1 branch of the dungeon, and saw 4 of its levels.

You collected 151 gold pieces.

Inventory:

Hand Weapons
 c - a +0 dagger
Missiles
 p - 10 poisoned darts (quivered)
Armour
 b - a +0 robe
 j - a +0 leather armour of willpower (worn)
Magical Staves
 a - a cursed staff of death (weapon) {Self, Bglg}
Jewellery
 o - a ring of poison resistance (left hand)
Scrolls
 d - a scroll of fear
 e - 3 scrolls of enchant armour
 g - 2 scrolls of teleportation
 i - 2 scrolls of immolation
 l - 2 scrolls of amnesia
 n - a scroll of fog
Potions
 f - a potion of curing
 h - a potion of might
 m - a potion of brilliance


   Skills:
 + Level 2.4(2.8) Fighting
 - Level 1.1 Short Blades
 + Level 1.6 Staves
 + Level 2.1 Armour
 - Level 3.0 Dodging
 - Level 3.0 Stealth
 - Level 2.6(3.1) Spellcasting
 + Level 5.5 Necromancy
 + Level 2.6 Evocations


You had 7 spell levels left.
You knew the following spells:

 Your Spells              Type           Power      Damage    Failure   Level
a - Pain                  Necr           100%       1d9       2%          1
b - Vampiric Draining     Necr           15%        2d8       7%          3

Your spell library contained the following spells:

 Spells                   Type           Power      Damage    Failure   Level
 Animate Skeleton         Necr           60%        N/A       2%          1
 Animate Dead             Necr           15%        N/A       24%         4
 Agony                    Necr           30%        N/A       54%         5
 Frozen Ramparts          Ice            4%         1d2       56%         3
 Ozocubu's Armour         Ice            2%         N/A       56%         3
 Summon Guardian Golem    Hex/Summ       2%         N/A       56%         3
 Malign Gateway           Summ/Tloc      1%         N/A       100%        7


Dungeon Overview and Level Annotations

Branches:
Dungeon (4/15)
 Temple: D:4-7

Altars:
Ashenzari
Uskayaw

Annotations:
D:4 Dowan


Innate Abilities, Weirdness & Mutations

You are resistant to damage.
You can heal yourself by infusing magical energy.
You passively map a small area around you.
You do not regenerate.


Message History

* * * LOW HITPOINT WARNING * * *
You fade into invisibility!
You are very lightly contaminated with residual magic.
You feel much better. Dowan closely misses you.
You closely miss Dowan. Dowan barely misses you.
You hit Dowan.
Dowan writhes in agony!
Dowan is moderately wounded.
Dowan hits you with a +3 dagger of electrocution!
You are electrocuted!
Dowan barely misses you.
You hit Dowan but do no damage.
Dowan is moderately wounded.
Dowan closely misses you. Dowan gestures at you while chanting.
The stone arrow misses you.
You catch the helpless Dowan completely off-guard!
You hit Dowan.
Dowan is moderately wounded.
Dowan closely misses you.
Dowan hits you with a +3 dagger of electrocution.
You catch the helpless Dowan completely off-guard!
You hit Dowan.
Dowan is heavily wounded.
Dowan closely misses you.
You hit Dowan.
Dowan writhes in agony.
Dowan is severely wounded.
Dowan misses you.
Dowan says, "Her death will not be in vain!"
Dowan closely misses you.
You hit Dowan.
Dowan is severely wounded.
Dowan hits you with a +3 dagger of electrocution.
You are electrocuted!!
* * * LOW HITPOINT WARNING * * *
Dowan completely misses you.
You hit Dowan.
Dowan writhes in agony!
Dowan is almost dead.
Dowan hits you with a +3 dagger of electrocution.
* * * LOW HITPOINT WARNING * * *
You are electrocuted!
You die...

..#.# #[#.# *, ,
..#.#####.#.# *#..
, ..........#.#,
#.#* ** ,
.##.#######.# #.#
* .#..........#
#.# .############
#.# ........ ,,
#.# ######## * #)#
..# #@# #.# ####e#
#.# #....# #.#
#.##.#
#.###########.##.#
#.............##(#
#############.####
#.# ###


You could see Dowan (fast).

Vanquished Creatures
  Duvessa (D:4)
  An ogre (D:1)
  A kobold brigand (D:3)
  A bullfrog (D:3)
  3 gnolls (D:2)
  3 worms (D:2)
  A dart slug (D:1)
  4 orcs (D:3)
  6 bats
  5 endoplasms
  3 giant cockroaches (D:1)
  7 goblins
  7 hobgoblins
  4 jackals (D:3)
  5 kobolds
  4 quokkas
  4 ball pythons
  6 frilled lizards
  5 rats
71 creatures vanquished.

Notes
Turn   | Place    | Note
-------+----------+-------------------------------------------
     0 | D:1      | Destapler the Deep Dwarf Necromancer began the quest for
                  | the Orb.
     0 | D:1      | Reached XP level 1. HP: 15/15 MP: 3/3
     1 | D:1      | Got the Reference Book on Frigorific Creation
   263 | D:1      | Reached XP level 2. HP: 22/24 MP: 1/4
   840 | D:1      | Found a faded altar of an unknown god.
   856 | D:1      | Became a worshipper of Ashenzari the Shackled
   872 | D:1      | Reached XP level 3. HP: 25/30 MP: 6/6
   931 | D:1      | Identified a scroll of acquirement
   939 | D:1      | Acquired a staff of death
  1131 | D:2      | Learned a level 3 spell: Vampiric Draining
  1720 | D:2      | Noticed an ogre
  1856 | D:1      | Killed an ogre
  1857 | D:1      | Reached skill level 1 in Fighting
  1857 | D:1      | Reached skill level 1 in Short Blades
  1857 | D:1      | Reached skill level 1 in Armour
  1857 | D:1      | Reached skill level 5 in Necromancy
  1857 | D:1      | Reached skill level 1 in Evocations
  1857 | D:1      | Reached XP level 4. HP: 20/38 MP: 0/8
  1857 | D:1      | Reached XP level 5. HP: 23/44 MP: 0/9
  3437 | D:3      | Found a hide-covered altar of Uskayaw.
  3802 | D:3      | Reached skill level 1 in Staves
  4084 | D:3      | Reached XP level 6. HP: 30/55 MP: 2/10
  4225 | D:4      | Noticed Duvessa
  4225 | D:4      | Noticed Dowan
  4238 | D:4      | Killed Duvessa
  4250 | D:4      | Slain by Dowan

Illustrated notes

Levels and vault maps discovered:
D:1:      dpeg_arrival_rhombi, layout_loops_ring,
          shapermc_ecumenical_altar_ellora
D:2:      layout_basic, kennysheep_nub, st_stairs_9, minmay_hexomino_f4
D:3:      minmay_skewed_foursquare, layout_basic, nicolae_uskayaw_suspiria,
          wad_orctagon
D:4:      cheibrodos_thug_alley, layout_basic, kennysheep_mini,
          okawaru_gym_becter, minmay_circle_x, uniq_menkaure, uniq_duvessa,
          uniq_eustachio

Skill      XL: |  1  2  3  4  5  6 |
---------------+-------------------+-----
Spellcasting   | 2 |  2.6
Stealth        | 3 |  3.0
Fighting       | 1 2 |  2.4
Short Blades   | 1 |  1.1
Armour         | 1 2 |  2.1
Necromancy     | 5 |  5.5
Evocations     | 1 2 |  2.6
Dodging        | 3 |  3.0
Staves         | 1 |  1.6

Action                   |  1- 3 |  4- 6 || total
-------------------------+-------+-------++-------
Melee: Unarmed           |     9 |       ||     9
       Dagger            |    24 |       ||    24
       Staff             |    10 |    75 ||    85
Throw: Dart              |       |     2 ||     2
 Cast: Pain              |    33 |     8 ||    41
       Vampiric Draining |    10 |    35 ||    45
Invok: Curse Item        |     1 |       ||     1
 Abil: Heal Wounds       |       |     3 ||     3
  Use: Scroll            |     1 |       ||     1
       Potion            |       |     1 ||     1
 Stab: Sleeping          |     5 |       ||     5
       Invisible         |       |     2 ||     2
Armor: Robe              |     7 |       ||     7
       Leather armour    |       |    14 ||    14
Dodge: Dodged            |    38 |    61 ||    99
